 Dungeon Crawl Stone Soup version 0.25.0-45-g978344163c (webtiles) character file.

Game seed: 6542691198993451410

63 Aviak the Chiller (level 3, -6/27 HPs)
             Began as a Demonspawn Ice Elementalist on July 12, 2020.
             Mangled by a gnoll
             ... wielding a +0 halberd
              (14 damage)
             ... on level 3 of the Dungeon.
             The game lasted 00:02:49 (3190 turns).

Aviak the Chiller (Demonspawn Ice Elementalist)     Turns: 3190, Time: 00:02:49

Health: -6/27      AC:  4    Str:  8    XL:     3   Next: 87%
Magic:  3/7        EV: 11    Int: 17    God:
Gold:   106        SH:  0    Dex: 13    Spells: 0/7 levels left

rFire    + . .     SeeInvis .   r - +0 whip (freeze)
rCold    . . .     Gourm    .   (no shield)
rNeg     . . .     Faith    .   q - +0 leather armour
rPois    .         Spirit   .   h - +0 helmet (curse)
rElec    .         Reflect  .   (no cloak)
rCorr    .         Harm     .   (no gloves)
MR       .....                  (no boots)
Stlth    ++........             (no amulet)
HPRegen  0.09/turn              (no ring)
MPRegen  0.10/turn              (no ring)

@: no status effects
A: fire resistance 1
a: no special abilities


You were on level 3 of the Dungeon.
You were near starving.

You visited 1 branch of the dungeon, and saw 3 of its levels.

You collected 106 gold pieces.

Inventory:

Hand Weapons
 r - a +0 whip of freezing (weapon)
Armour
 a - a +0 robe
 h - a cursed +0 helmet (worn)
 q - a +0 leather armour (worn)
Scrolls
 b - a scroll of enchant armour {unknown}
 e - a scroll of teleportation {unknown}
 k - a scroll of immolation {unknown}
 l - a scroll of fear {unknown}
 m - a scroll of random uselessness {unknown}
 o - 2 scrolls of identify {unknown}
 p - a scroll of fog {unknown}
Potions
 d - a potion of curing {unknown}
 f - a potion of resistance {unknown}
 g - a potion of haste {unknown}
 i - a potion of berserk rage {unknown}
 j - a potion of brilliance {unknown}
 n - a potion of invisibility {unknown}
 s - a potion of might {unknown}
Comestibles
 c - 2 rations


   Skills:
 + Level 1.8 Fighting
 - Level 1.7 Dodging
 - Level 1.7 Stealth
 + Level 2.7 Spellcasting
 + Level 4.1 Ice Magic


You couldn't memorise any spells.
You knew the following spells:

 Your Spells              Type           Power        Failure   Level  Hunger
a - Freeze                Ice            ###.         4%          1    #......
b - Frozen Ramparts       Ice            ###...       14%         3    ###....
c - Ozocubu's Armour      Chrm/Ice       #.......     32%         3    ###....

Your spell library contained the following spells:

 Spells                   Type           Power        Failure   Level  Hunger
 Hailstorm                Conj/Ice       #.......     73%         4    #####..
 Summon Ice Beast         Ice/Summ       #.......     73%         4    #####..


Dungeon Overview and Level Annotations

Branches:
Dungeon (3/15)

Altars:
Gozag


Innate Abilities, Weirdness & Mutations

Your flesh is heat resistant. (rF+)


Message History

The gnoll barely misses you.
You see here a +0 spear.
A gnoll comes into view. It is wielding a -3 spear.
The wall freezes the gnoll.
The gnoll barely misses you.
The gnoll moves out of view.
The frozen ramparts melt away.
The gnoll hits you but does no damage. The gnoll hits you with a +0 halberd!
You see here a +0 spear.
Casting: Freeze (safe; 4% risk of failure)
Confirm with . or Enter, or press ? or * to list all spells.
Aiming: Freeze (safe; 4% risk of failure)
Press: ? - help, Shift-Dir - straight line, f - gnoll
Aim: a gnoll, wielding a +0 halberd (lightly wounded)
You freeze the gnoll.
The gnoll is moderately wounded.
The gnoll hits you from afar with a cursed -3 spear.
* * * LOW HITPOINT WARNING * * *
The gnoll hits you with a +0 halberd!
Ouch! That really hurt!
You die...

# #..... ...._....
#### #..... .......#
#..# #..... 8...8.
#..# #.....###
....#######..#
......###.#
.........
..g.#...#####.###...
#g##...............
#.@.....(..........
#.##.........#.....
#%##.........#.####
#.##...........#
#.##.........###
#.##.........#
#.##.........#
#.##.........#
#.........#


You could see 2 gnolls.

Vanquished Creatures
  2 gnolls (D:3)
  A worm (D:2)
  A dart slug (D:2)
  A leopard gecko (D:1)
  An orc (D:3)
  3 giant cockroaches (D:1)
  4 goblins
  5 hobgoblins
  2 jackals (D:1)
  2 quokkas
  5 bats (D:1)
  2 frilled lizards (D:3)
  3 kobolds
  3 rats
35 creatures vanquished.

Notes
Turn   | Place    | Note
-------+----------+-------------------------------------------
     0 | D:1      | Aviak the Demonspawn Ice Elementalist began the quest for
                  | the Orb.
     0 | D:1      | Reached XP level 1. HP: 13/13 MP: 3/3
   313 | D:1      | Gained mutation: Your flesh is heat resistant. (rF+)
                  | [demonic ancestry]
   313 | D:1      | Reached XP level 2. HP: 13/20 MP: 0/5
   910 | D:1      | Reached skill level 1 in Fighting
  1774 | D:2      | Reached XP level 3. HP: 26/26 MP: 4/6
  1870 | D:2      | Reached skill level 4 in Ice Magic
  2086 | D:2      | Learned a level 3 spell: Frozen Ramparts
  2090 | D:2      | Learned a level 3 spell: Ozocubu's Armour
  3176 | D:3      | Found an opulent altar of Gozag.
  3190 | D:3      | Mangled by a gnoll

Illustrated notes

Levels and vault maps discovered:
D:1:      tarquinn_simple_flora_water_a, layout_rooms, serial_co_window_serial,
          co_window_paths_a, co_window_corner_a, co_window_cross_1,
          co_window_paths_a, co_window_of_opportunity_a,
          co_window_of_opportunity_c, co_window_unsneaky_path_e,
          co_window_unsneaky_path_a, co_window_broadway_a, co_window_4corner_a,
          co_window_4corner_b, glass_columns_c, glass_columns_b,
          glass_columns_a, minmay_hedge_maze
D:2:      layout_loops_corners, kennysheep_generic_room_4
D:3:      layout_basic, first_ration, serial_curves, eino_curves_03,
          eino_curves_04, grunt_gozag_statues

Skill      XL: |  1  2  3 |
---------------+----------+-----
Fighting       | 1 |  1.8
Ice Magic      | 4 |  4.1
Dodging        | |  1.7
Stealth        | |  1.7
Spellcasting   | |  2.7

Action                   || total
-------------------------++-------
Melee: Unarmed           ||    29
       Whip              ||    27
 Cast: Freeze            ||    50
       Frozen Ramparts   ||     2
 Stab: Sleeping          ||     1
  Eat: Chunk             ||     6
Armor: Robe              ||    26
       Leather armour    ||     5
Dodge: Dodged            ||    83
